 Dungeon Crawl Stone Soup version 0.30-a0-830-gfe289a77b0 (webtiles) character file.

Game seed: 10186474933887439538

30 Esekla the Sneak (level 3, 26/26 HPs)
             Began as an Octopode Delver on Mar 1, 2023.
             Quit the game on level 5 of the Dungeon.
             The game lasted 00:02:30 (260 turns).

Esekla the Sneak (Octopode Delver)                   Turns: 260, Time: 00:02:31

Health: 26/26      AC:  1    Str: 11    XL:     3   Next: 18%
Magic:  3/3        EV: 13    Int: 14    God:
Gold:   0          SH:  0    Dex: 13    Spells: 3/3 levels left

rFire   . . .      SeeInvis .    a - +0 falchion
rCold   . . .      Faith    .    (no shield)
rNeg    . . .      Spirit   .    (helmet restricted)
rPois   .          Reflect  .    (no amulet)
rElec   .          Harm     .    (no ring)
rCorr   .          Rampage  .    (no ring)
Will    .....                    (no ring)
Stlth   ++++                     (no ring)
HPRegen 0.24/turn                (no ring)
MPRegen 0.08/turn                (no ring)
                                 (no ring)
                                 (no ring)

@: no status effects
A: almost no armour, amphibious, 8 rings, camouflage 1, gelatinous body 1,
(nimble swimmer 1), tentacles
a: no special abilities


You were on level 5 of the Dungeon.
You visited 1 branch of the dungeon, and saw 1 of its levels.

Inventory:

Hand Weapons
 a - a +0 falchion (weapon)
 c - a +0 dagger
Wands
 f - a wand of digging (3)
 g - a wand of iceblast (14)
Scrolls
 b - a scroll of fog
Potions
 e - a potion of haste


   Skills:
 * Level 3.2 Fighting
 * Level 2.2 Long Blades
 * Level 2.2 Dodging
 + Level 7.1 Stealth
 * Level 0.6 Spellcasting


You had 3 spell levels left.
You didn't know any spells.
Your spell library was empty.

Dungeon Overview and Level Annotations

Branches:
Dungeon (5/15)
 Temple: D:4-7

Altars:
Vehumet

Shops:
D:5 [[*


Innate Abilities, Weirdness & Mutations

You cannot wear most types of armour.
You are amphibious.
You can wear up to eight rings at the same time.
Your skin changes colour to match your surroundings (Stealth+).
Your rubbery body absorbs attacks. (AC +1, EV +1)
((You are camouflaged when in or above water. (Stealth+)))
You have tentacles for arms and can constrict up to eight enemies at once.


Message History

You barely miss the adder. You grab the adder.
The adder is heavily wounded.
You constrict the adder.
You feel sick. The adder bites you.
* * * LOW HITPOINT WARNING * * *
The adder bites you but does no damage.
You hit the adder.
You kill the adder!
You feel sick.
Your Stealth skill increases to level 7!
An adder comes into view.
You feel sick.
You are no longer poisoned.
The adder hisses angrily.
You barely miss the adder. Your grab misses the adder. You squeeze the adder!
The adder is almost dead.
The adder closely misses you.
You barely miss the adder. You grab the adder. You squeeze the adder.
You kill the adder!
You have reached level 3!
Your experience leads to an increase in your attributes!
Increase (S)trength, (I)ntelligence, or (D)exterity?
You feel clever. x2
You start resting.
HP restored.
You see here an adder corpse.
A gnoll bouda comes into view. It is wielding a +0 whip.
Found an escape hatch in the ceiling.
A gnoll comes into view. It is wielding a +0 whip.
Found 18 gold pieces.
Found a stone staircase leading down. 2 gnolls and an iguana come into view.
The iguana hisses angrily.
Found 27 gold pieces.
Found 8 gold pieces.
Found a radiant altar of Vehumet.
The gnoll shouts! x3
As you read the scroll of fear, it crumbles to dust.
You assume a fearsome visage.
The gnoll bouda looks frightened!
The gnoll bouda shouts!
The gnoll looks frightened! x3; The iguana looks frightened!
Are you sure you want to abandon this character and quit the game? (Confirm with "yes".)

#### *,,,***,,,,,,* #
*,,,,,*,,,**.# #
****,,****##.##### # ****
#....g.# # #......# #### #......#
...### #......#
##...################...<.>###***
####†.†.........@........$....,,,
##################......##****
#.....g...,,, #.l...####***
#.....#...,,* ###.#.#...,,*
*g..#.$_,,* *#..#.$$,,*
*..#...,,*


There were no monsters in sight!

Vanquished Creatures
  3 adders (D:5)
  An orc (D:5)
4 creatures vanquished.

Notes
Turn   | Place    | Note
-------+----------+-------------------------------------------
     0 | D:5      | Esekla the Octopode Delver began the quest for the Orb.
     0 | D:5      | Reached XP level 1. HP: 16/16 MP: 1/1
    34 | D:5      | Reached XP level 2. HP: 10/21 MP: 2/2
    40 | D:5      | Noticed a phantom
    94 | D:5      | Found Peorof's Antique Armour Emporium.
    98 | D:5      | Found Ifenwun's General Store.
   120 | D:5      | Noticed an ogre
   144 | D:5      | Reached skill level 7 in Stealth
   152 | D:5      | Reached XP level 3. HP: 5/26 MP: 3/3
   252 | D:5      | Found a radiant altar of Vehumet.
   260 | D:5      | Quit the game

Illustrated notes

Levels and vault maps discovered:
D:5:      layout_rooms, amcnicky_altar_gilded, serial_shops,
          nicolae_lakefront_shop, shop, nicolae_stop_n_shop_2, nrook_mini_vaults

Skill      XL: |  1  2 |
---------------+-------+-----
Stealth        | 7 |  7.1
Fighting       | |  3.2
Long Blades    | |  2.2
Dodging        | |  2.2
Spellcasting   | |  0.6

Action                     || total
---------------------------++-------
  Melee: Falchion          ||    16
         Constrict         ||     4
         Tentacles         ||     2
         Punch             ||     1
    Use: Scroll            ||     2
 Armour: Skin              ||     1
  Dodge: Dodged            ||    12

Table legend: (Time is in decaauts)
 A = Elapsed time spent in this place.
 B = Non-inter-level travel time spent in this place.
 C = Inter-level travel time spent in this place.
 D = Time resting spent in this place.
 E = Time spent auto-exploring this place.
 F = Levels seen in this place.
 G = Mean time per level.
                   A        B        C        D        E       F      G
               +--------+--------+--------+--------+--------+-----+--------+
         Total |    263 |    263 |      0 |    120 |      0 |   1 |  263.0 |
       Dungeon |    263 |    263 |      0 |    120 |      0 |   1 |  263.0 |
               +--------+--------+--------+--------+--------+-----+--------+

Top non-repeatable levels by time:
     D:5: 263 daAuts
